 Dungeon Crawl Stone Soup version 0.17-a0-649-g87edefa (webtiles) character file.

95 oplop the Chiller (level 4, 0/30 HPs)
             Began as a Merfolk Ice Elementalist on Apr 17, 2015.
             Slain by a goblin (3 damage)
             ... on level 3 of the Dungeon.
             The game lasted 00:06:34 (1958 turns).

oplop the Chiller (Merfolk Ice Elementalist)        Turns: 1958, Time: 00:06:34

Health: 0/30       AC:  3    Str:  8    XL:     4   Next: 65%
Magic:  8/8        EV:  8    Int: 14    God:
Gold:   93         SH:  0    Dex: 15    Spells: 2 memorised, 5 levels left

rFire  . . .     SeeInvis .     h - +0 spear
rCold  . . .     Clarity  .     a - +0 robe
rNeg   . . .     SustAb   .     (no shield)
rPois  .         Gourm    .     (no helmet)
rElec  .         Spirit   .     g - +0 cloak
rCorr  .         Warding  .     (no gloves)
rMut   .         Stasis   .     (no boots)
MR     .....                    (no amulet)
Stlth  ++........               (no ring)
                                (no ring)

@: not resistant to hostile enchantments, unstealthy
A: change form in water, swift swim
a: no special abilities


You were on level 3 of the Dungeon.
You were not hungry.

You visited 1 branch of the dungeon, and saw 3 of its levels.

You collected 93 gold pieces.

Inventory:

Hand weapons
 e - a +0 dagger
 h - a +0 spear (weapon)
Armour
 a - a +0 robe (worn)
 g - a +0 cloak (worn)
Scrolls
 d - 5 scrolls of identify {unknown}
 f - 3 scrolls of recharging {unknown}
 j - 2 scrolls of enchant armour {unknown}
 l - a scroll of noise {unknown}
 m - a scroll of fear {unknown}
 n - a scroll of enchant weapon {unknown}
 o - a scroll of amnesia {unknown}
 p - a scroll of magic mapping {unknown}
Potions
 i - a potion of brilliance {unknown}
 k - a potion of cancellation {unknown}
Books
 b - a book of Frost

   Spells                             Type                      Level
   a - Freeze                         Ice                          1
   b - Throw Frost                    Conjuration/Ice              2
   c - Ozocubu's Armour               Charms/Ice                   3
   d - Throw Icicle                   Conjuration/Ice              4
   e - Summon Ice Beast               Ice/Summoning                4
   f - Condensation Shield            Ice                          4
Comestibles
 c - 4 bread rations


   Skills:
 + Level 2.7 Polearms
 - Level 2.6 Dodging
 - Level 2.1 Stealth
 + Level 3.0 Spellcasting
   Level 0.7 Conjurations
 + Level 4.4 Ice Magic


You had 5 spell levels left.
You knew the following spells:

 Your Spells              Type           Power        Failure   Level  Hunger
a - Freeze                Ice            ##..         3%          1    #......
b - Ozocubu's Armour      Chrm/Ice       #.......     30%         3    ###....


Dungeon Overview and Level Annotations

Branches:
Dungeon (3/15)

Altars:


Message History

You see here a scroll labeled SUTRETUCIL.
A goblin is nearby!
p - a scroll labeled SUTRETUCIL The goblin shouts!
An orc priest comes into view. It is wielding a whip.
An orc priest comes into view.
The orc priest shouts!
The orc priest becomes somewhat translucent.
The orc priest looks braver.
The orc priest's eyes start to glow.
Found a stone staircase leading down.
The goblin closely misses you.
The orc priest invokes the aid of Beogh against you.
Something smites you!
The orc priest mumbles some strange prayers to Beogh against you.
Something smites you!
* * * LOW HITPOINT WARNING * * *
There is a stone staircase leading down here.
The goblin hits you.
You die...

#.....# ###.### ###.# .
###...# #.
###########.....# #.
#...o..o....#.### #.#
#.#########.#.# ####.##
#.# #######.#.# >.....
#o# #...@g..#.#
#>.###.# #.#####.#.#
#.....#....# #.#.#
#.o###.##### ###.#.#
#..#.....# #.....#
####..#.###.#####.###.#
[....o#.# #.......# #.#
..##.##.###.#####.###.#
..##.##...............#


You could see a goblin.

Vanquished Creatures
  3 adders (D:2)
  An ooze (D:2)
  2 worms (D:2)
  4 giant geckos
  A ball python (D:2)
  9 bats
  A giant cockroach (D:1)
  3 goblins (D:1)
  7 hobgoblins
  6 jackals (D:2)
  3 quokkas (D:2)
  2 giant newts (D:1)
  6 kobolds (D:1)
  9 rats
57 creatures vanquished.

Notes
Turn   | Place    | Note
--------------------------------------------------------------
     0 | D:1      | oplop, the Merfolk Ice Elementalist, began the quest for the Orb.
     0 | D:1      | Reached XP level 1. HP: 13/13 MP: 3/3
   112 | D:1      | Reached XP level 2. HP: 7/19 MP: 0/5
   567 | D:1      | Reached skill level 1 in Polearms
   674 | D:1      | Reached XP level 3. HP: 24/24 MP: 6/6
   850 | D:2      | Learned a level 3 spell: Ozocubu's Armour
   920 | D:2      | Reached skill level 4 in Ice Magic
  1181 | D:2      | Reached XP level 4. HP: 13/30 MP: 2/8
  1958 | D:3      | Slain by a goblin

Action                   |  1- 3 |  4- 6 || total
-------------------------+-------+-------++-------
Melee: Dagger            |    31 |       ||    31
       Unarmed           |     1 |       ||     1
       Spear             |    72 |    46 ||   118
 Cast: Freeze            |    34 |    13 ||    47
       Ozocubu's Armour  |     1 |       ||     1
 Stab: Sleeping          |     4 |     1 ||     5
       Distracted        |     1 |       ||     1
  Eat: Chunk             |     2 |     2 ||     4
